 Dungeon Crawl Stone Soup version 0.29-a0-1008-g949cc1d0fb (webtiles) character file.

Game seed: 7757649398886195816

5400 RaHiT the Cleaver (level 10, -2/91 (93) HPs)
             Began as a Hill Orc Fighter on Aug 7, 2022.
             Was a Believer of Makhleb.
             Slain by an orc priest
             ... wielding a +0 mace
              (3 damage)
             ... while petrified by a basilisk
             ... on level 8 of the Dungeon.
             The game lasted 00:27:18 (6366 turns).

RaHiT the Cleaver (Hill Orc Fighter)                Turns: 6366, Time: 00:27:18

HP:   -2/91 (93)    AC: 13    Str: 27    XL:     10   Next: 66%
MP:   10/10         EV:  2    Int:  8    God:    Makhleb [**....]
Gold: 412           SH:  0    Dex: 10    Spells: 9/9 levels left

rFire   + . .      SeeInvis .   a - +5 broad axe "Orb Guardian's Doom" {protect, +Blink rPois}
rCold   . . .      Faith    .   c - +0 buckler
rNeg    + + +      Spirit   .   n - +2 scale mail of the Cockroach {rPois rF+ Will- Str+3}
rPois   ∞          Reflect  .   (no helmet)
rElec   .          Harm     .   (no cloak)
rCorr   +          Rampage  .   u - +0 pair of gloves
Will    .....                   y - +0 pair of boots
Stlth   ..........              (no amulet)
HPRegen 0.25/turn               h - ring of positive energy
MPRegen 0.12/turn               J - ring of resist corrosion

@: petrified, lightly drained
A: no striking features
a: Renounce Religion, Convert to Beogh, Evoke Blink, Minor Destruction


You were on level 8 of the Dungeon.
You worshipped Makhleb.
Makhleb was pleased with you.
You visited 2 branches of the dungeon, and saw 9 of its levels.

You collected 412 gold pieces.

Inventory:

Hand Weapons
 a - the +5 broad axe "Orb Guardian's Doom" (weapon) {protect, +Blink rPois}
   (You acquired it on level 3 of the Dungeon)

   It grants its wielder temporary protection when it strikes (+7 to AC).
   rPois:     It protects you from poison.
   +Blink:    It lets you blink.
Missiles
 i - 5 boomerangs (quivered)
 I - a curare-tipped dart
Armour
 c - a +0 buckler (worn)
 n - the +2 scale mail of the Cockroach (worn) {rPois rF+ Will- Str+3}
   (You found it on level 3 of the Dungeon)

   Str:       It affects your strength (+3).
   rF:        It protects you from fire.
   rPois:     It protects you from poison.
   Will:      It decreases your willpower.
 p - the +0 pair of boots of Ryifydow {Str+5 Int+4}
   (You acquired it on level 3 of the Dungeon)

   Str:       It affects your strength (+5).
   Int:       It affects your intelligence (+4).
 u - a +0 pair of gloves (worn)
 w - an orb of light
 y - a +0 pair of boots (worn)
Jewellery
 h - a ring of positive energy (left hand)
 m - a ring of ice
 J - a ring of resist corrosion (right hand)
Wands
 k - a wand of digging (12)
 x - a wand of polymorph (19)
 H - a wand of mindburst (8)
 M - a wand of flame (20)
Scrolls
 b - 2 scrolls of magic mapping
 f - a scroll of silence
 g - a scroll of vulnerability {unknown}
 r - 2 scrolls of enchant weapon {unknown}
 s - a scroll of noise {unknown}
 A - 2 scrolls of brand weapon {unknown}
 B - a scroll of fog
 C - a scroll of immolation {unknown}
 E - a scroll of enchant armour {unknown}
 G - a scroll of teleportation {unknown}
 L - a scroll of identify
Potions
 d - a potion of might
 e - a potion of ambrosia
 j - 3 potions of mutation
 l - a potion of resistance
 o - a potion of heal wounds
 q - a potion of haste
 t - a potion of magic
 v - a potion of lignification {unknown}
 z - 2 potions of flight
 D - 2 potions of cancellation {unknown}
 F - 2 potions of degeneration {unknown}
 K - a potion of brilliance {unknown}


   Skills:
 * Level 10.0 Fighting
 * Level 10.5 Axes
 + Level 4.8 Throwing
 * Level 9.2 Armour
 - Level 3.2 Shields
 + Level 5.2 Evocations


You had 9 spell levels left.
You didn't know any spells.
Your spell library contained the following spells:

 Spells                   Type           Power      Damage    Failure   Level
 Apportation              Tloc           0%         N/A       75%         1
 Blink                    Tloc           0%         N/A       86%         2
 Conjure Flame            Conj/Fire      0%         6-21      98%         3
 Ignite Poison            Fire/Tmut/Pois 0%         N/A       98%         3
 Mephitic Cloud           Conj/Pois/Air  0%         N/A       98%         3
 Sticky Flame             Conj/Fire      0%         2d3       100%        4
 Alistair's Intoxication  Tmut/Pois      0%         N/A       100%        5
 Freezing Cloud           Conj/Ice/Air   0%         6-21      100%        5
 Manifold Assault         Tloc           0%         N/A       100%        5
 Storm Form               Tmut/Air       0%         N/A       100%        7


Dungeon Overview and Level Annotations

Branches:
Dungeon (8/15)             Temple (1/1) D:4
   Lair: D:8-11

Altars:
Ashenzari
Cheibriados
Dithmenos
Elyvilon
Fedhas
Hepliaklqana
Makhleb
Nemelex Xobeh
Okawaru
Qazlal
Ru
Sif Muna
Trog
Vehumet
Wu Jian
Yredelemnul
Zin

Shops:
D:4 =   D:5 (

Annotations:
D:6 unreachable zpne


Message History

The basilisk gazes at you.
Your limbs have turned to stone.
The orc hits you but does no damage. x2
The wight hits you but does no damage. The orc hits you but does no damage.
You block the orc's attack. The wight hits you with a +3 war axe.
You partially resist.
You feel drained. The basilisk bites you!
The orc priest miscasts a cantrip.
You have turned to stone.
The basilisk bites you!
* * * LOW HITPOINT WARNING * * *
The orc priest mumbles some strange prayers to Beogh against you.
Beogh smites you!
* * * LOW HITPOINT WARNING * * *
The orc hits you with a +0 hand axe. The orc hits you but does no damage.
The wight hits you but does no damage. The orc priest hits you with a +0 mace.
* * * LOW HITPOINT WARNING * * *
The orc hits you but does no damage. The orc barely misses you.
The basilisk bites you!
* * * LOW HITPOINT WARNING * * *
The wight hits you with a +3 war axe.
* * * LOW HITPOINT WARNING * * *
The basilisk gazes at you.
The orc priest shouts, "Beogh is our master!
Accept the truth or die!"
The orc priest hits you but does no damage.
The orc hits you but does no damage. x2; The wight hits you but does no damage.
The orc priest hits you with a +0 mace.
* * * LOW HITPOINT WARNING * * *
The orc hits you with a +0 hand axe. The orc hits you but does no damage.
The basilisk bites you!
* * * LOW HITPOINT WARNING * * *
The wight hits you with a +3 war axe!
* * * LOW HITPOINT WARNING * * *
The basilisk bites you but does no damage.
The orc priest calls upon Beogh to heal the orc.
The orc's wounds heal themselves!
The orc hits you with a +0 hand axe.
* * * LOW HITPOINT WARNING * * *
The orc hits you but does no damage. The wight hits you with a +3 war axe!
* * * LOW HITPOINT WARNING * * *
The orc priest hits you with a +0 mace.
You die...

#..># #. #)).#
#.#####.))#####
.......).......
................
........)....?..
....~§.....#####
.....§.ooz.# ....
...~_§.o@).# .#.#.#
#..§§.~.l..# .....
#..~§......# ##$...
#..........# #.. .
########...### #.#.#
##.#.##.####.#.#
#.#............# ..
##.#..........##
....###.########...#.


You could see a basilisk, a wight, an orc priest and 2 orcs.

Vanquished Creatures
  Pikel (D:3)
  An ugly thing (D:7)
  The ghost of Conn the Firebug, a novice OpFE (D:5)
  An elephant (D:8)
  A gargoyle (D:7)
  A wraith (D:7)
  A steam dragon (D:7)
  Edmund (D:3)
  5 water moccasins
  2 orc warriors
  An ice beast (D:6)
  A black bear (D:5)
  A hornet zombie (D:5)
  A sky beast (D:7)
  2 ogres
  2 centaurs (D:7)
  A phantom (D:6)
  3 lemures (D:3)
  A kobold brigand (D:7)
  2 bullfrogs
  A scorpion (D:6)
  3 necrophages
  A water moccasin zombie (D:5)
  7 wights
  A gnoll bouda (D:7)
  3 jellies
  6 orc priests
  4 hounds
  4 iguanas
  2 orc wizards
  A mummy (D:5)
  11 gnolls
  5 adders
  A shadow imp (D:6)
  3 white imps
  2 worms
  A dart slug (D:4)
  11 orcs
  6 bats
  3 endoplasms
  7 goblins
  6 hobgoblins
  2 jackals (D:2)
  10 kobolds
  5 quokkas
  6 ball pythons
  5 frilled lizards
  6 rats
153 creatures vanquished.

Vanquished Creatures (others)
  A fungus (D:8)
  A plant (D:3)
2 creatures vanquished.

Grand Total: 155 creatures vanquished

Notes
Turn   | Place    | Note
-------+----------+-------------------------------------------
     0 | D:1      | RaHiT the Hill Orc Fighter began the quest for the Orb.
     0 | D:1      | Reached XP level 1. HP: 19/19 MP: 1/1
   152 | D:1      | Found a faded altar of an unknown god.
   407 | D:1      | Reached XP level 2. HP: 20/27 MP: 2/2
  1037 | D:2      | Reached XP level 3. HP: 26/33 MP: 3/3
  1815 | D:3      | Identified the +2 scale mail of the Cockroach {rPois rF+
                  | Will- Str+3}
  1942 | D:3      | Reached skill level 1 in Throwing
  2025 | D:3      | Found a sparkling altar of Nemelex Xobeh.
  2228 | D:3      | Reached XP level 4. HP: 40/40 MP: 4/4
  2462 | D:3      | Found a bloodstained altar of Trog.
  2736 | D:3      | Identified 2 scrolls of acquirement
  2736 | D:3      | Acquired the +5 broad axe "Orb Guardian's Doom" {protect,
                  | +Blink rPois}
  2767 | D:4      | Reached skill level 1 in Evocations
  2781 | D:4      | Found Tusussuenu's Jewellery Boutique.
  2798 | D:4      | Noticed Edmund
  2798 | D:4      | Noticed a lemure
  2798 | D:4      | Noticed a lemure
  2799 | D:4      | Noticed Pikel
  2800 | D:4      | Found a staircase to the Ecumenical Temple.
  2802 | D:4      | Noticed a lemure
  2827 | D:3      | Acquired the +0 pair of boots of Ryifydow {Str+5 Int+4}
  2896 | D:3      | Killed Edmund
  2897 | D:3      | Reached XP level 5. HP: 32/47 MP: 5/5
  2902 | D:3      | Killed a lemure
  2947 | D:4      | Noticed a lemure
  2951 | D:3      | Reached XP level 6. HP: 31/55 MP: 6/6
  3160 | D:3      | Killed Pikel
  3161 | D:3      | Reached skill level 5 in Axes
  3161 | D:3      | Reached skill level 5 in Armour
  3161 | D:3      | Reached XP level 7. HP: 43/63 MP: 7/7
  3298 | D:4      | Reached XP level 8. HP: 55/70 MP: 8/8
  3328 | Temple   | Entered the Ecumenical Temple
  3328 | Temple   | Found a transporter.
  3328 | Temple   | Found a transporter.
  3330 | Temple   | Found a transporter.
  3330 | Temple   | Found a transporter.
  3341 | Temple   | Became a worshipper of Makhleb the Destroyer
  3457 | D:5      | Entered Level 5 of the Dungeon
  3468 | D:5      | Found a transporter.
  3646 | D:5      | Found a transporter.
  3648 | D:5      | Noticed Conn's ghost (novice OpFE)
  3751 | D:5      | Killed Conn's ghost
  3752 | D:5      | Reached XP level 9. HP: 61/80 MP: 9/9
  4076 | D:5      | Found Qucsol's Weapon Boutique.
  4181 | D:6      | Reached * piety under Makhleb
  5011 | D:6      | Noticed a troll
  5462 | D:7      | Found an ornate altar of the Wu Jian Council.
  5552 | D:7      | Noticed a brown ugly thing
  5556 | D:7      | Reached ** piety under Makhleb
  5568 | D:7      | Killed a brown ugly thing
  5569 | D:7      | Reached XP level 10. HP: 51/91 MP: 10/10
  5995 | D:7      | Reached skill level 10 in Axes
  6108 | D:7      | Noticed a gargoyle
  6111 | D:7      | Killed a gargoyle
  6112 | D:7      | Reached skill level 5 in Evocations
  6295 | D:8      | Found a stormy altar of Qazlal.
  6305 | D:8      | Noticed an elephant
  6323 | D:8      | Killed an elephant
  6340 | D:8      | Reached skill level 10 in Fighting
  6365 | D:8      | HP: 1/91 [wight/+3 war axe (5)]
  6366 | D:8      | Slain by an orc priest

Illustrated notes

Levels and vault maps discovered:
D:1:      dpeg_arrival_solitude, layout_basic, chequers_ecumenical_altar_island,
          item_on_display_b
D:2:      layout_basic, minmay_strange_pillars, minmay_misc_feat_nine_boxes
D:3:      layout_basic, mainiacjoe_overflow_paths, nemelex_spade_bored_becter,
          serial_bayou, serial_bayou_pond_e, serial_bayou_pond_e,
          serial_bayou_crossing, serial_bayou_shore_b
D:4:      layout_rooms, minmay_temple_entry_wispy,
          minmay_shop_enchanted_jewellery, uniq_pikel, uniq_edmund
D:5:      layout_gridville, serial_shops,
          nicolae_shop_temple_entry_statues_fountains, gammafunk_ghost_mausoleum
D:6:      layout_layer_cave, solitary_fountain, lightli_corner_chamber
D:7:      layout_basic, marbit_many_paths, kb_rosetta
D:8:      layout_loops_cross, nicolae_qazlal_scattered_showers,
          doesnt_xom_only_xom, lemuel_doored_altar, nicolae_uskayaw_suspiria,
          david_lair_generic, minmay_ruined_shrine
Temple:   hellmonk_temple_divided_pantheon

Skill      XL: |  1  2  3  4  5  6  7  8  9 10 |
---------------+-------------------------------+-----
Axes           | 3 4 5 6 7 9 10 | 10.5
Fighting       | 4 6 7 9 10 | 10.0
Throwing       | 1 2 3 4 |  4.8
Armour         | 4 5 7 8 9 |  9.2
Evocations     | 1 2 3 4 5 |  5.2
Shields        | |  3.2

Action                   |  1- 3 |  4- 6 |  7- 9 | 10-12 || total
-------------------------+-------+-------+-------+-------++-------
Melee: War axe           |   110 |    17 |       |       ||   127
       Broad axe         |       |    57 |   167 |    84 ||   308
Throw: Boomerang         |     1 |     4 |    22 |    25 ||    52
       Throwing net      |       |     2 |       |       ||     2
       Dart              |       |       |       |     1 ||     1
Evoke: Wand              |       |       |     2 |     2 ||     4
  Use: Scroll            |     3 |     3 |     6 |       ||    12
       Potion            |       |       |       |     1 ||     1
 Stab: Held in net/web   |       |     2 |       |       ||     2
Armor: Scale mail        |    32 |    49 |   108 |    69 ||   258
       Chain mail        |    27 |       |       |       ||    27
Dodge: Dodged            |    51 |    34 |    72 |    38 ||   195
Block: Buckler           |    25 |    27 |    37 |    24 ||   113

Table legend: (Time is in decaauts)
 A = Elapsed time spent in this place.
 B = Non-inter-level travel time spent in this place.
 C = Inter-level travel time spent in this place.
 D = Time resting spent in this place.
 E = Time spent auto-exploring this place.
 F = Levels seen in this place.
 G = Mean time per level.
                   A        B        C        D        E       F      G
               +--------+--------+--------+--------+--------+-----+--------+
         Total |   6539 |   6375 |    164 |    145 |   3799 |   9 |  726.6 |
       Dungeon |   6500 |   6336 |    164 |    145 |   3799 |   8 |  812.5 |
        Temple |     38 |     38 |      0 |      0 |      0 |   1 |   38.0 |
               +--------+--------+--------+--------+--------+-----+--------+

Top non-repeatable levels by time:
     D:3: 1390 daAuts
     D:6: 1162 daAuts
     D:1: 1000 daAuts
     D:7: 987 daAuts
     D:2: 769 daAuts
     D:5: 734 daAuts
     D:4: 362 daAuts
     D:8: 92 daAuts
  Temple: 38 daAuts
